 Dungeon Crawl Stone Soup version 0.25.1-2-g60ff931df9 (webtiles) character file.

Game seed: 6738241999309822652

827 lorenzova the Thaumaturge (level 7, -2/32 HPs)
             Began as a Deep Elf Conjurer on Oct 13, 2020.
             Shot with an arrow by a centaur (13 damage)
             ... on level 5 of the Dungeon.
             The game lasted 00:07:26 (5511 turns).

lorenzova the Thaumaturge (Deep Elf Conjurer)       Turns: 5511, Time: 00:07:27

Health: -2/32      AC:  2    Str:  5    XL:     7   Next: 64%
Magic:  18/20      EV: 13    Int: 20    God:
Gold:   187        SH:  0    Dex: 13    Spells: 11/22 levels left

rFire    . . .     SeeInvis .   (no weapon)
rCold    . . .     Gourm    .   (no shield)
rNeg     . . .     Faith    .   a - +0 robe
rPois    +         Spirit   .   (no helmet)
rElec    .         Reflect  .   (no cloak)
rCorr    +         Harm     .   (no gloves)
MR       .....                  (no boots)
Stlth    ++........             (no amulet)
HPRegen  0.50/turn              g - ring of resist corrosion
MPRegen  0.17/turn              (no ring)

@: no status effects
A: clumsy 1, dopey 1, frail 1, poison resistance, regeneration 1
a: no special abilities


You were on level 5 of the Dungeon.
You were hungry.

You visited 1 branch of the dungeon, and saw 5 of its levels.

You collected 187 gold pieces.

Inventory:

Armour
 a - a +0 robe (worn)
Jewellery
 g - a ring of resist corrosion (left hand)
Wands
 k - a wand of enslavement (10)
 m - a wand of flame (14)
Scrolls
 f - 3 scrolls of fear
 i - a scroll of teleportation {unknown}
 l - a scroll of noise {unknown}
Potions
 d - a potion of lignification
 e - a potion of heal wounds {unknown}
 h - 2 potions of might
 j - a potion of curing
 o - a potion of flight {unknown}
Comestibles
 c - 7 rations


   Skills:
 - Level 2.4 Dodging
 - Level 2.4 Stealth
 * Level 8.4 Spellcasting
 * Level 7.9 Conjurations
 + Level 1.1 Hexes
 + Level 0.9 Translocations


You had 11 spell levels left.
You knew the following spells:

 Your Spells              Type           Power        Failure   Level  Hunger
a - Magic Dart            Conj           ####         1%          1    None
b - Searing Ray           Conj           #####.       1%          2    None
c - Iskenderun's Mystic   Conj/Tloc      ####....     13%         4    ###....
d - Fulminant Prism       Conj/Hex       ####......   13%         4    ###....

Your spell library contained the following spells:

 Spells                   Type           Power        Failure   Level  Hunger
 Dazzling Flash           Conj/Hex       ####..       3%          3    None


Dungeon Overview and Level Annotations

Branches:
Dungeon (5/15)
 Temple: D:4-7

Altars:
Okawaru
Wu Jian
The Shining One


Innate Abilities, Weirdness & Mutations

You are clumsy. (Dex -2)
You are dopey. (Int -2)
You are frail. (-10% HP)
Your system is resistant to poisons. (rPois)
Your natural rate of healing is unusually fast.


Message History

Things that are here:
an arrow; 14 gold pieces A centaur is nearby!
A centaur is nearby!
The centaur shoots an arrow.
The arrow hits you!
You see here an arrow.
Casting: Searing Ray (safe; 1% risk of failure)
Confirm with . or Enter, or press ? or * to list all spells.
You don't know that spell.
The centaur shoots an arrow.
The arrow hits you.
Casting: Searing Ray (safe; 1% risk of failure)
Confirm with . or Enter, or press ? or * to list all spells.
Aiming: Searing Ray (safe; 1% risk of failure)
Press: ? - help, Shift-Dir - straight line, f - centaur
Aim: a centaur, wielding a +0 shortbow and quivering 21 arrows The searing ray hits the centaur.
The centaur is moderately wounded. (Press . to maintain the ray.)
The centaur shoots an arrow.
The arrow hits you!
You die...

#.. ....... ##...
....... ##....
....... .<....
.......
#....##c....%.
#.............
###...#.........
#......$@.......
#.......(.......
#.......(.......
#".............
...............
...#......##...
.#...##..##......
.....#...........
.......<.........


You could see a centaur.

Vanquished Creatures
  Grinder (D:4)
  An ogre (D:4)
  An orc priest (D:3)
  4 hounds (D:4)
  An orc wizard (D:4)
  Natasha (thrice) (D:4)
  Terence (D:3)
  2 worker ants (D:4)
  A gnoll (D:3)
  8 adders
  2 oozes
  2 worms
  A dart slug (D:2)
  4 leopard geckos
  10 orcs
  8 giant cockroaches
  8 goblins
  6 hobgoblins
  14 jackals
  5 kobolds
  A quokka (D:4)
  14 bats
  7 frilled lizards
  A quokka skeleton (D:4)
  11 rats
117 creatures vanquished.

Notes
Turn   | Place    | Note
-------+----------+-------------------------------------------
     0 | D:1      | lorenzova the Deep Elf Conjurer began the quest for the
                  | Orb.
     0 | D:1      | Reached XP level 1. HP: 10/10 MP: 6/6
   218 | D:1      | Reached XP level 2. HP: 15/15 MP: 4/8
   257 | D:1      | Learned a level 2 spell: Searing Ray
   874 | D:2      | Reached skill level 4 in Spellcasting
   874 | D:2      | Reached skill level 5 in Conjurations
   874 | D:2      | Reached XP level 3. HP: 18/19 MP: 4/10
  1831 | D:3      | Reached XP level 4. HP: 24/24 MP: 10/12
  1873 | D:3      | Found an iron altar of Okawaru.
  1885 | D:3      | Noticed Terence
  1891 | D:3      | Killed Terence
  1891 | D:3      | Reached skill level 5 in Spellcasting
  2287 | D:3      | Reached XP level 5. HP: 28/28 MP: 11/14
  3268 | D:3      | Found an ornate altar of the Wu Jian Council.
  3482 | D:3      | Reached skill level 6 in Spellcasting
  3731 | D:4      | Reached XP level 6. HP: 20/32 MP: 5/17
  4170 | D:4      | Noticed Natasha
  4174 | D:4      | Killed Natasha
  4293 | D:4      | Noticed Grinder
  4294 | D:4      | Reached skill level 7 in Spellcasting
  4336 | D:4      | Killed Grinder
  4336 | D:4      | Reached skill level 8 in Spellcasting
  4336 | D:4      | Reached XP level 7. HP: 36/36 MP: 9/20
  4409 | D:4      | Learned a level 4 spell: Iskenderun's Mystic Blast
  4414 | D:4      | Learned a level 4 spell: Fulminant Prism
  4499 | D:4      | Noticed Natasha
  4506 | D:4      | Killed Natasha
  4744 | D:4      | Noticed Natasha
  4750 | D:4      | Killed Natasha
  5277 | D:4      | Reached skill level 1 in Hexes
  5386 | D:4      | Found a glowing golden altar of the Shining One.
  5483 | D:4      | Gained mutation: You are clumsy. (Dex -2) [potion of
                  | mutation]
  5483 | D:4      | Gained mutation: You are dopey. (Int -2) [potion of
                  | mutation]
  5483 | D:4      | Gained mutation: You have a pair of small horns on your
                  | head. [potion of mutation]
  5484 | D:4      | Lost mutation: You have a pair of small horns on your head.
                  | [potion of mutation]
  5484 | D:4      | Gained mutation: You are frail. (-10% HP) [potion of
                  | mutation]
  5484 | D:4      | Gained mutation: Your natural rate of healing is unusually
                  | fast. [potion of mutation]
  5484 | D:4      | Gained mutation: Your system is resistant to poisons.
                  | (rPois) [potion of mutation]
  5502 | D:5      | Entered Level 5 of the Dungeon
  5511 | D:5      | Shot with an arrow by a centaur

Illustrated notes

Levels and vault maps discovered:
D:1:      onia_arrival_handbag, layout_rooms
D:2:      layout_loops_ring
D:3:      minmay_razor_zed, layout_basic, marbit_many_paths, corner_web_ring,
          hangedman_decor_push, okawaru_trees_1, uniq_terence
D:4:      layout_layer_cave, tso_oasis_becter, uniq_grinder, uniq_natasha
D:5:      layout_cave_pools, first_ration

Skill      XL: |  1  2  3  4  5  6  7 |
---------------+----------------------+-----
Spellcasting   | 4 5 6 8 |  8.4
Conjurations   | 5 6 7 |  7.9
Hexes          | 1 |  1.1
Dodging        | |  2.4
Stealth        | |  2.4
Translocations | |  0.9

Action                   |  1- 3 |  4- 6 |  7- 9 || total
-------------------------+-------+-------+-------++-------
Melee: Unarmed           |     1 |     8 |       ||     9
 Cast: Magic Dart        |    72 |    96 |    31 ||   199
       Searing Ray       |     1 |    16 |     6 ||    23
  Use: Scroll            |       |     6 |       ||     6
       Potion            |       |       |     2 ||     2
  Eat: Chunk             |     3 |     7 |     3 ||    13
Armor: Robe              |     1 |     2 |       ||     3
Dodge: Dodged            |     7 |    29 |     5 ||    41
